Map: [ESL] Hardwire

Players

Probe - Winner!

  • Race: Protoss Protoss

Percival

  • Race: Terran Terran

Event: IEM Katowice 2022

VOD

Have the link to the VOD?

Description

Time

  • Played on: Feb. 23, 2022, 8:25 a.m.
  • Length: 15:57

All games in this series

Show
View Real Time Build Order
Export as new Build Order

Probe Protoss - Winner!

Build Orders: Blink Stalkers, Zealot Archon 

Get SALT Encoding   

  12  0:00  Probe  
  13  0:12  Probe  
  14  0:17  Pylon  
  14  0:24  Probe (Chrono Boost)  
  16  0:36  Probe (Chrono Boost)  
  16  0:38  Gateway  
  16  0:43  Probe (Chrono Boost)  
  16  0:48  Assimilator  
  17  0:51  Probe  
  18  1:03  Probe  
  19  1:15  Probe  
  20  1:21  Assimilator  
  20  1:22  Pylon  
  20  1:25  Cybernetics Core  
  20  1:27  Probe  
  20  1:28  Zealot  
  23  1:40  Probe  
  24  1:52  Probe  
  25  1:59  Stalker (Chrono Boost)  
  25  2:01  Warp Gate  
  25  2:04  Probe  
  27  2:16  Probe  
  27  2:18  Nexus  
  28  2:26  Pylon  
  28  2:29  Probe  
  29  2:35  Stalker  
  31  2:44  Probe  
  32  2:55  Twilight Council  
  32  2:56  Gateway  
  32  3:00  Probe  
  33  3:11  Shield Battery  
  33  3:12  Probe (Chrono Boost)  
  34  3:23  Probe (Chrono Boost)  
  34  3:26  Blink (Chrono Boost)  
  35  3:28  Probe (Chrono Boost)  
  35  3:30  Probe  
  37  3:39  Robotics Facility  
  37  3:40  Probe  
  38  3:43  Probe  
  39  3:51  Stalker  
  39  3:52  Probe  
  39  3:55  Probe  
  43  3:56  Pylon  
  43  4:03  Stalker  
  43  4:04  Probe  
  43  4:07  Probe  
  47  4:16  Stalker  
  47  4:17  Probe  
  50  4:19  Probe  
  51  4:29  Probe  
  51  4:30  Observer  
  49  4:31  Probe  
  49  4:41  Probe  
  49  4:43  Nexus  
  49  4:45  Probe  
  51  4:53  Probe, Observer  
  51  4:56  Assimilator  
  51  4:57  Probe  
  54  5:01  Forge  
  54  5:03  Pylon  
  54  5:05  Probe  
  55  5:09  Sentry, Probe  
  55  5:10  Observer  
  55  5:12  Gateway  
  58  5:17  Probe, Observer  
  58  5:21  Gateway, Probe  
  60  5:27  Shield Battery  
  61  5:29  Probe  
  61  5:31  Charge  
  61  5:33  Probe  
  61  5:34  Protoss Ground Armor Level 1 (Chrono Boost)  
  63  5:41  Probe  
  64  5:44  Gateway  
  64  5:48  Gateway, Probe  
  65  5:53  Probe  
  66  6:00  Probe  
  66  6:01  Pylon  
  66  6:03  Gateway x2, Probe  
  68  6:05  Probe  
  68  6:08  Templar Archives, Observer  
  70  6:14  Probe  
  70  6:17  Zealot  
  70  6:18  Zealot, Probe  
  75  6:19  Pylon  
  75  6:21  Observer  
  75  6:25  Probe  
  77  6:28  Probe  
  77  6:32  Zealot  
  84  6:36  Zealot  
  84  6:39  Pylon, Gateway  
  82  6:45  High Templar x2  
  82  6:46  Zealot x2  
  90  6:49  Immortal  
  90  6:51  Pylon  
  90  6:53  Pylon x2  
  94  6:55  Archon  
  94  6:56  Zealot  
  94  6:57  Zealot  
  98  7:05  Zealot x2  
  98  7:06  Observer  
  102  7:13  Zealot x2  
  102  7:14  Gateway  
  106  7:18  Pylon  
  106  7:20  Zealot x3  
  112  7:22  Stalker  
  114  7:30  Zealot  
  114  7:31  Zealot  
  118  7:43  Zealot x4  
  118  7:44  Zealot  
  118  7:48  Probe  
  109  7:52  Immortal  
  109  7:53  Zealot x3  
  109  7:54  Probe  
  114  7:59  Psionic Storm  
  114  8:03  Probe  
  114  8:04  Probe  
  114  8:05  Assimilator  
  104  8:07  Zealot x5, Observer  
  102  8:13  Probe  
  102  8:15  Protoss Ground Armor Level 2 (Chrono Boost)  
  95  8:26  High Templar x2  
  99  8:32  Nexus  
  98  8:34  Observer  
  98  8:35  Zealot x4  
  98  8:40  Pylon  
  107  8:47  Stalker x2  
  111  8:59  Stalker x2  
  113  9:11  Pylon  
  113  9:14  Warp Prism  
  113  9:17  Pylon  
  113  9:19  High Templar x2  
  117  9:24  Zealot x4  
  117  9:29  Probe x2  
  127  9:34  Stalker  
  127  9:36  Probe (Chrono Boost)  
  127  9:37  Assimilator  
  129  9:39  Assimilator  
  129  9:41  Probe x2 (Chrono Boost)  
  129  9:43  Zealot  
  132  9:48  Probe (Chrono Boost)  
  132  9:51  Probe (Chrono Boost)  
  135  9:53  Probe x2 (Chrono Boost), Zealot x3  
  135  9:54  Zealot  
  135  9:56  Probe (Chrono Boost)  
  135  9:58  Probe x2 (Chrono Boost)  
  135  9:59  Probe (Chrono Boost)  
  147  10:03  Stalker x4, Probe  
  152  10:09  Probe  
  151  10:18  Zealot x4  
  146  10:29  Stalker x4  
  146  10:30  Probe x2  
  154  10:40  Observer  
  152  10:47  Zealot x4  
  156  10:50  Robotics Bay, Robotics Facility  
  156  10:52  Forge, Assimilator  
  156  10:53  Assimilator  
  156  10:54  Protoss Ground Weapons Level 1 (Chrono Boost)  
  156  10:56  Pylon  
  156  10:57  Pylon  
  156  10:59  Pylon  
  156  11:07  Dark Shrine  
  156  11:14  Observer (Chrono Boost)  
  157  11:20  Zealot x6  
  157  11:21  Zealot x2  
  173  11:28  Protoss Ground Armor Level 3 (Chrono Boost)  
  173  11:30  Pylon, Nexus  
  166  11:33  Photon Cannon  
  166  11:34  Photon Cannon  
  166  11:35  Pylon  
  166  11:36  Observer (Chrono Boost)  
  166  11:38  Extended Thermal Lance (Chrono Boost)  
  167  11:40  Colossus (Chrono Boost)  
  173  11:52  Colossus (Chrono Boost)  
  173  12:03  Shield Battery  
  173  12:04  Shield Battery x2  
  173  12:06  Photon Cannon x2  
  173  12:09  Pylon  
  173  12:18  Stalker  
  173  12:19  Stalker x4  
  173  12:20  Colossus (Chrono Boost)  
  169  12:39  Disruptor  
  159  12:49  High Templar  
  159  12:51  High Templar  
  164  12:52  Stalker x6, High Templar, Shield Battery, Protoss Ground Weapons Level 2 (Chrono Boost)  
  178  12:59  Disruptor  
  178  13:01  Shadow Stride (Chrono Boost)  
  178  13:07  Probe x2  
  178  13:10  Disruptor  
  183  13:13  Assimilator  
  186  13:23  Dark Templar x5  
  186  13:24  Zealot x2  
  174  13:49  Zealot x4  
  162  14:05  Disruptor x2  
  162  14:06  Stalker x5  
  178  14:10  Zealot x4  
  178  14:15  Observer  
  182  14:30  Gateway x2  
  182  14:31  Gateway  
  170  14:32  Dark Templar x6  
  170  14:33  Gateway  
  181  14:40  Zealot x3  
  185  14:55  Disruptor x2  
  189  15:01  Stalker x3  
  187  15:20  Dark Templar x5  
  188  15:46  Zealot  
  188  15:47  Zealot x3  
  188  15:49  Zealot x4  
Show
View Real Time Build Order
Export as new Build Order

Percival Terran 

Build Orders: 1/1/1 

Get SALT Encoding   

  12  0:00  SCV  
  13  0:12  SCV  
  14  0:17  Supply Depot  
  14  0:24  SCV  
  15  0:38  SCV  
  15  0:40  Barracks  
  16  0:43  Refinery  
  16  0:50  SCV  
  16  0:54  Refinery  
  17  1:02  SCV  
  18  1:14  SCV  
  19  1:26  Reaper  
  19  1:27  Orbital Command  
  20  1:42  Factory  
  20  1:45  Supply Depot  
  20  1:52  SCV  
  21  2:04  SCV  
  21  2:16  SCV  
  21  2:17  Barracks Reactor  
  22  2:23  Bunker  
  22  2:28  SCV, Starport, Factory Tech Lab  
  23  2:40  SCV  
  24  2:47  Command Center  
  24  2:49  Widow Mine  
  26  2:53  SCV  
  26  2:55  Marine  
  26  2:56  Marine  
  30  3:09  Medivac  
  30  3:10  Supply Depot  
  31  3:28  Bunker  
  31  3:31  Marine x2  
  31  3:32  Widow Mine, SCV  
  36  3:42  Starport Tech Lab  
  36  3:44  SCV  
  37  3:49  Marine x2  
  39  3:59  SCV, Siege Tank  
  43  4:04  Raven  
  43  4:07  Marine x2  
  47  4:11  SCV  
  47  4:18  Orbital Command  
  47  4:21  Barracks  
  47  4:23  SCV  
  48  4:25  Marine  
  48  4:29  Marine  
  48  4:35  SCV  
  48  4:36  Siege Tank  
  52  4:42  Supply Depot  
  52  4:43  SCV  
  53  4:48  SCV, Refinery  
  52  4:55  SCV  
  52  4:56  Marine x2  
  53  5:00  SCV  
  53  5:02  Supply Depot  
  53  5:06  Barracks  
  54  5:07  SCV  
  54  5:12  SCV  
  56  5:15  Factory Reactor, Starport Reactor  
  56  5:16  Stimpack  
  56  5:18  Marine  
  56  5:19  SCV, Marine x2  
  60  5:26  SCV, Engineering Bay  
  61  5:31  Supply Depot  
  61  5:32  SCV  
  62  5:36  Supply Depot  
  62  5:37  Marine x2  
  62  5:42  Marauder  
  66  5:45  Supply Depot  
  66  5:46  SCV x2  
  68  5:51  Refinery  
  68  5:53  Terran Infantry Weapons Level 1  
  68  5:55  Supply Depot  
  68  5:57  Combat Shield  
  68  6:04  Marauder x2  
  70  6:05  Marine  
  70  6:07  Marine  
  70  6:09  SCV x2  
  76  6:14  Medivac  
  76  6:16  Medivac  
  82  6:18  Widow Mine  
  82  6:19  Widow Mine  
  82  6:22  Supply Depot  
  82  6:23  SCV  
  82  6:25  SCV  
  86  6:29  Marauder  
  86  6:31  Marauder  
  90  6:33  Marine x2  
  90  6:35  SCV  
  90  6:37  Supply Depot  
  90  6:39  SCV  
  94  6:46  Supply Depot  
  94  6:47  SCV, Medivac x2  
  94  6:50  Marauder  
  94  6:52  Widow Mine x2  
  105  6:55  Marine  
  105  6:56  Marine  
  105  6:59  Marauder  
  109  7:10  Supply Depot  
  109  7:11  Supply Depot  
  109  7:20  Missile Turret  
  111  7:24  Marauder  
  111  7:26  Marauder, Command Center  
  111  7:29  Marine x2  
  115  7:33  SCV x2  
  117  7:40  Widow Mine x2  
  116  7:45  SCV x2, Marine  
  116  7:50  Marine x2  
  116  7:51  Marauder  
  108  8:02  SCV, Barracks  
  108  8:03  Marauder  
  94  8:11  Marine  
  94  8:12  Marine, Marauder  
  90  8:13  SCV  
  90  8:17  Widow Mine  
  90  8:18  Widow Mine  
  90  8:21  Terran Infantry Armor Level 1  
  90  8:23  SCV  
  90  8:25  SCV, Marauder  
  94  8:32  Liberator x2  
  100  8:35  SCV  
  100  8:37  SCV  
  100  8:39  Orbital Command  
  102  8:48  Widow Mine x2  
  106  8:50  Barracks  
  106  8:56  Barracks Reactor  
  106  8:57  Supply Depot, Marauder  
  106  8:58  Marauder, Marine x2  
  114  9:10  Widow Mine x2  
  114  9:11  SCV  
  114  9:12  SCV x2  
  114  9:15  Supply Depot, Refinery  
  115  9:17  Supply Depot  
  115  9:24  SCV  
  116  9:25  Armory  
  116  9:26  Engineering Bay  
  116  9:28  Ghost Academy  
  115  9:32  SCV x2  
  115  9:36  SCV  
  117  9:39  Marine  
  117  9:40  Barracks Tech Lab, Concussive Shells  
  117  9:41  Marine x2, Marauder x2  
  117  9:42  Marine  
  125  9:48  SCV x3  
  128  9:56  Refinery  
  128  10:02  Enhanced Shockwaves  
  128  10:04  SCV x2  
  126  10:10  Marine x3  
  126  10:11  Marauder x3  
  126  10:12  SCV  
  134  10:16  SCV  
  132  10:28  Marine  
  132  10:30  Marine x3  
  132  10:32  Widow Mine x2, Marauder  
  138  10:39  Ghost x2  
  135  10:44  Medivac, Command Center  
  135  10:45  Medivac  
  137  10:51  Marine  
  137  10:52  Marine  
  137  10:53  Ghost  
  137  10:56  Widow Mine  
  137  10:57  Widow Mine  
  147  11:02  Terran Infantry Armor Level 2  
  145  11:04  Terran Infantry Weapons Level 2  
  145  11:06  Terran Ship Weapons Level 1  
  145  11:13  SCV x3  
  148  11:18  Supply Depot  
  148  11:19  Medivac  
  145  11:26  SCV x2  
  145  11:28  SCV  
  132  11:39  Ghost x2, Marine x3  
  136  11:40  Marine  
  136  11:42  Ghost  
  139  11:49  SCV x3  
  139  11:51  Medivac  
  142  11:55  Medivac  
  142  11:59  Marine x3  
  142  12:00  Marine  
  147  12:08  Marauder x2  
  147  12:09  Missile Turret  
  147  12:11  Marauder  
  147  12:12  SCV x3  
  154  12:21  Missile Turret  
  154  12:24  SCV x3  
  154  12:27  Planetary Fortress  
  153  12:34  Marine x3  
  153  12:35  Marauder x3, Marine  
  153  12:36  SCV  
  163  12:39  Widow Mine x2  
  146  12:51  Medivac x2  
  149  12:54  Marine x2  
  149  12:56  Marine x2, Marauder x2  
  157  13:00  Command Center  
  157  13:01  SCV x3  
  160  13:07  Marauder  
  162  13:18  Terran Infantry Armor Level 3  
  159  13:22  Terran Ship Weapons Level 2  
  159  13:31  Marine x3, Marauder x2  
  164  13:40  Marine  
  163  13:46  SCV  
  163  13:47  SCV x2  
  155  13:48  Marine  
  155  13:51  SCV  
  155  13:55  Marine x2, Marauder x2  
  137  13:58  SCV  
  137  13:59  Widow Mine x2, SCV x2, Medivac  
  144  14:03  Medivac  
  144  14:07  Missile Turret  
  144  14:09  Missile Turret  
  146  14:10  SCV  
  146  14:12  SCV  
  146  14:14  SCV  
  146  14:15  SCV  
  142  14:29  Medivac  
  128  14:32  Marine x3  
  128  14:33  Marauder, Medivac  
  135  14:38  Marine  
  135  14:39  Marauder  
  136  14:46  Barracks x2  
  136  14:48  Barracks  
  126  15:03  SCV x4  
  122  15:16  Marine x2, Medivac x2  
  122  15:17  Marine x2, Marauder x3  
  136  15:21  Refinery  
  136  15:34  Marine x2  
  136  15:35  Refinery  
  137  15:36  Missile Turret  

Tags
 
Add a new tag
Caveats
  • Supply blocks, unpowered buildings, or Contaminate may cause inaccurate times.
  • Supply counts are checked every 10 seconds.